 Dungeon Crawl Stone Soup version 0.18-b1-10-g3f7de93 (webtiles) character file.

190 dobroeutro the Cudgeler (level 5, -3/32 HPs)
             Began as a Gargoyle Fighter on Apr 29, 2016.
             Slain by Denapoli's ghost (5 damage)
             ... on level 4 of the Dungeon.
             The game lasted 00:02:50 (2439 turns).

dobroeutro the Cudgeler (Gargoyle Fighter)          Turns: 2439, Time: 00:02:51

Health: -3/32      AC: 13    Str: 23    XL:     5   Next: 69%
Magic:  14/14      EV:  7    Int:  9    God:
Gold:   153        SH:  0    Dex:  9    Spells: 0 memorised, 4 levels left

rFire  . . .     SeeInvis .     a - +0 flail
rCold  . . .     Gourm    .     b - +0 scale mail
rNeg   + . .     Faith    .     c - +0 shield
rPois  ∞         Spirit   .     (no helmet)
rElec  +         Dismiss  .     l - +1 cloak
rCorr  .         Reflect  .     (no gloves)
SustAt .         Harm     .     (no boots)
MR     .....                    (no amulet)
Stlth  ..........               y - +3 ring of strength
                                m - ring of magical power

@: confused, not resistant to hostile enchantments, extremely unstealthy
A: negative energy resistance 1, electricity resistance, unbreathing,
petrification resistance, rot immunity, AC +4
a: no special abilities


You were on level 4 of the Dungeon.
You were not hungry.

You visited 1 branch of the dungeon, and saw 4 of its levels.

You collected 153 gold pieces.

Inventory:

Hand Weapons
 a - a +0 flail (weapon)
Missiles
 q - 3 javelins of returning (quivered)
Armour
 b - a +0 scale mail (worn)
 c - a +0 shield (worn)
 l - a +1 cloak (worn)
Jewellery
 m - a ring of magical power (left hand)
 y - a +3 ring of strength (right hand)
Scrolls
 e - 3 scrolls of remove curse {unknown}
 g - a scroll of blinking {unknown}
 h - 4 scrolls of amnesia {unknown}
 i - a scroll of enchant weapon {unknown}
 j - 2 scrolls of immolation {unknown}
 r - a scroll of teleportation {unknown}
 t - 5 scrolls of identify {unknown}
 x - a scroll of enchant armour {unknown}
 z - a scroll of random uselessness {unknown}
Potions
 d - a potion of might
 k - a potion of mutation {unknown}
 n - a potion of cancellation {unknown}
 s - 3 potions of curing {unknown}
 u - a potion of heal wounds {unknown}
 v - a potion of cure mutation {unknown}
Comestibles
 f - 3 bread rations
 o - a chunk of flesh
 p - a slice of pizza
 w - a meat ration


   Skills:
 - Level 3.2 Fighting
 + Level 5.7 Maces & Flails
 - Level 3.2 Armour
 - Level 3.2 Shields


You had 4 spell levels left.
You didn't know any spells.

Dungeon Overview and Level Annotations

Branches:
Dungeon (4/15)
 Temple: D:4-7

Altars:
Dithmenos
Xom
Zin

Annotations:
D:4 Denapoli's ghost, amateur OgBe


Innate Abilities, Weirdness & Mutations

You are resistant to torment.
Your stone body is resilient (AC +4).
You are immune to poison.
You resist negative energy.
You are resistant to electric shocks.
You can survive without breathing.
You are immune to petrification.
You are immune to rotting.


Message History

* * * LOW HITPOINT WARNING * * *
The hound bites you.
* * * LOW HITPOINT WARNING * * *
The orc priest miscasts a cantrip.
You hear some strange, mumbled words.
You are confused.
The hound barely misses you.
The orc priest looks braver for a moment.
The hound closely misses you. The hound barely misses you.
You bump into the rock wall.
The hound bites you but does no damage. The orc hits you but does no damage.
The hound bites you but does no damage.
You hear some strange, mumbled words.
You are more confused.
The hound barely misses you. The hound bites you but does no damage.
Denapoli's ghost hits you.
* * * LOW HITPOINT WARNING * * *
The hound closely misses you.
You're too confused to move!
The hound barely misses you. Denapoli's ghost hits you.
You die...

#............. ########
#.############ .#
#......####.#.....#....# ...
#...../.........#.#..#.#
..###.......#.......#.##.#.#
...#.......#.............(#
########.#.......#.......#.##...#
.......#.......o.#...........<..#
.!......##)....h@#.........#.#..#
.............o{W..........>.....#
........##.###.#.##.....#.#######
........##.###.#.................
.................................
.........#.###.###########......#
.........#.# #.# #.####.#
.........#.###.# ###### #.##...#
.###...#^#.....# #....# #.##.###


You could see a hound, an orc priest, Denapoli's ghost and an orc.

Vanquished Creatures
  A hound (D:3)
  A worker ant (D:4)
  9 adders
  An ooze (D:2)
  3 worms (D:2)
  3 dart slugs
  A giant gecko (D:3)
  3 bats
  A giant cockroach (D:3)
  4 goblins
  5 hobgoblins
  4 quokkas
  2 ball pythons
  4 giant newts
  A kobold (D:2)
  4 rats
47 creatures vanquished.

Notes
Turn   | Place    | Note
--------------------------------------------------------------
     0 | D:1      | dobroeutro the Gargoyle Fighter began the quest for the Orb.
     0 | D:1      | Reached XP level 1. HP: 14/14 MP: 1/1
   207 | D:1      | Reached XP level 2. HP: 18/19 MP: 2/2
   610 | D:2      | Reached skill level 3 in Maces & Flails
   681 | D:2      | Reached XP level 3. HP: 20/23 MP: 3/3
   689 | D:2      | Found a shimmering altar of Xom.
   861 | D:2      | Reached skill level 4 in Maces & Flails
   969 | D:2      | Found a glowing silver altar of Zin.
  1268 | D:2      | Found a shadowy altar of Dithmenos.
  1273 | D:2      | Reached XP level 4. HP: 18/28 MP: 4/4
  1846 | D:3      | Reached skill level 5 in Maces & Flails
  1846 | D:3      | Reached XP level 5. HP: 24/32 MP: 5/5
  2414 | D:4      | Noticed Denapoli's ghost (amateur OgBe)
  2439 | D:4      | Slain by Denapoli's ghost

Skill      XL: |  1  2  3  4 |
---------------+-------------+-----
Maces & Flails | 3 4 5 |  5.7
Fighting       | |  3.2
Armour         | |  3.2
Shields        | |  3.2

Action                   |  1- 3 |  4- 6 || total
-------------------------+-------+-------++-------
Melee: Flail             |    99 |   145 ||   244
  Eat: Chunk             |     1 |     4 ||     5
Armor: Scale mail        |    66 |    81 ||   147
Dodge: Dodged            |    33 |    58 ||    91
Block: Shield            |    46 |    64 ||   110
